AoeStats
← zlotoj

Arena

510096883Analyzed
1v1 RM · 3d ago on Sep 29, 2026· 31m 54s· 2 players
Game mode
Random Map
Map size
Tiny (2 player)
Population
200
Speed
Normal
Resources
Standard
Victory
Conquest
Starting age
Dark Age
Ending age
Imperial Age
RankedLock teamsTeams togetherTeam positionsShared explorationLock speedFull tech treeHidden civsTurbo modeCheats
Victory
Defeat
🇵🇱 Poles · Poland
614
+14
🇷🇺 Huns · Russia
581
-14
наказана
10:37 Feudal Age
11:05 Double-Bit Axe
11:13 Gold Mining
11:57 Horse Collar
12:23 Stone Mining
14:29 Wheelbarrow
22:43 Castle Age
23:09 Forging
23:05 Scale Barding Armor
25:30 Iron Casting
25:15 Chain Barding Armor
25:38 Bloodlines
25:29 Husbandry
24:50 Light Cavalry
zlotoj
11:43 Feudal Age
12:56 Loom
19:34 Castle Age
20:21 Horse Collar
20:29 Double-Bit Axe
22:20 Husbandry
22:32 Bloodlines
31:46 Imperial Age
29:51 Scale Barding Armor
Connection lost

Rejoining the realm…

Still unreachable

The connection could not be restored.

Session expired

The server has moved on; the page needs a fresh start.